 Dungeon Crawl Stone Soup version 0.28.0-45-g0d030f2227 (webtiles) character file.

Game seed: 17729447811122973166

39 MisterFreud the Covert (level 3, -13/35 HPs)
             Began as a Gnoll Delver on May 22, 2022.
             Killed by nerve-wracking pain
             ... invoked by an orc priest
              (14 damage)
             ... on level 4 of the Dungeon.
             The game lasted 00:00:41 (155 turns).

MisterFreud the Covert (Gnoll Delver)                Turns: 155, Time: 00:00:41

Health: -13/35     AC:  6    Str: 11    XL:     3   Next: 45%
Magic:  4/4        EV: 13    Int: 11    God:
Gold:   12         SH:  0    Dex: 13    Spells: 3/3 levels left

rFire   . . .      SeeInvis .   a - +0 short sword
rCold   . . .      Faith    .   (no shield)
rNeg    . . .      Spirit   .   b - +0 leather armour
rPois   .          Reflect  .   (no helmet)
rElec   .          Harm     .   (no cloak)
rCorr   .          Rampage  .   (no gloves)
Will    .....                   j - +2 pair of boots
Stlth   ++++......              (no amulet)
HPRegen 0.11/turn               (no ring)
MPRegen 0.09/turn               (no ring)

@: no status effects
A: fangs 1, strong nose, distributed training
a: no special abilities


You were on level 4 of the Dungeon.
You visited 1 branch of the dungeon, and saw 3 of its levels.

You collected 12 gold pieces.

Inventory:

Hand Weapons
 a - a +0 short sword (weapon)
Missiles
 k - 2 throwing nets (quivered)
 m - 4 atropa-tipped darts
Armour
 b - a +0 leather armour (worn)
 j - a +2 pair of boots (worn)
Wands
 g - a wand of digging (3)
 l - a wand of acid (11)
Scrolls
 c - a scroll of fog
 d - a scroll of magic mapping
 e - a scroll of fear
 h - a scroll of blinking {unknown}
 i - 2 scrolls of identify {unknown}
Potions
 f - a potion of haste


   Skills:
 + Level 6.5 Fighting
 + Level 4.5 Short Blades
 + Level 0.8 Long Blades
 + Level 0.8 Axes
 + Level 0.8 Maces & Flails
 + Level 0.8 Polearms
 + Level 0.8 Staves
 + Level 0.8 Slings
 + Level 0.8 Bows
 + Level 0.8 Crossbows
 + Level 0.8 Throwing
 + Level 0.8 Armour
 + Level 4.5 Dodging
 + Level 9.6 Stealth
 + Level 0.8 Shields
 + Level 0.8 Unarmed Combat
 + Level 0.8 Spellcasting
 + Level 0.5 Conjurations
 + Level 0.5 Hexes
 + Level 0.5 Summonings
 + Level 0.5 Necromancy
 + Level 0.5 Translocations
 + Level 0.5 Transmutations
 + Level 0.5 Fire Magic
 + Level 0.5 Ice Magic
 + Level 0.5 Air Magic
 + Level 0.5 Earth Magic
 + Level 0.5 Poison Magic
 + Level 1.0 Invocations
 + Level 0.8 Evocations


You had 3 spell levels left.
You didn't know any spells.
Your spell library was empty.

Dungeon Overview and Level Annotations

Branches:
Dungeon (5/15)
 Temple: D:4-7

Altars:

Annotations:
D:3 Robin


Innate Abilities, Weirdness & Mutations

You have very sharp teeth.
Your uncanny sense of smell can sniff out nearby items.
Your experience applies equally to all skills.


Message History

Things that are here:
a +0 dagger; a goblin corpse An orc wizard comes into view.
It is wielding a +0 dagger.
The orc shouts!
The orc priest shouts!
The orc shouts!
The orc wizard shouts!
The orc priest hits you with a +0 club.
The orc wizard casts a spell.
The orc wizard flickers and vanishes!
Deactivating autopickup; reactivate with Ctrl-A.
You hit the orc priest.
The orc priest is moderately wounded.
The orc priest mumbles some strange prayers to Beogh against you.
Beogh smites you!
You are too injured to fight recklessly!
You are too injured to fight recklessly!
You hit the orc priest.
The orc priest is severely wounded.
The orc priest hits you but does no damage.
You hit the orc priest.
The orc priest is almost dead.
The orc priest completely misses you.
You hit the orc priest but do no damage.
The orc priest is almost dead.
The orc priest casts a cantrip, but nothing happens.
You barely miss the orc priest. Your bite misses the orc priest.
The orc priest is almost dead.
The orc priest barely misses you.
You hit the orc priest but do no damage.
Your punch misses the orc priest.
The orc priest is almost dead.
The orc priest hits you but does no damage.
You hit the orc priest but do no damage.
The orc priest is almost dead.
The orc priest mumbles some strange prayers to Beogh against you.
Beogh smites you!
* * * LOW HITPOINT WARNING * * *
You hit the orc priest but do no damage.
The orc priest is almost dead.
The orc priest calls down the wrath of Beogh upon you.
Pain shoots through your body!
You die...

#### ∆ ... ##
#.######## ..
#..@oo.o.#
#..###†)#####.#
#......<#
#.##.##.# #
#.#..#
#.##....####
#..........#
####....##...?
#.#..# ##.


You could see an orc priest and 2 orcs.

Vanquished Creatures
  A bullfrog skeleton (D:4)
  An adder (D:5)
  A goblin (D:4)
  2 hobgoblins (D:4)
5 creatures vanquished.

Notes
Turn   | Place    | Note
-------+----------+-------------------------------------------
     0 | D:5      | Reached skill level 9 in Stealth
     0 | D:5      | MisterFreud the Gnoll Delver began the quest for the Orb.
     0 | D:5      | Reached XP level 1. HP: 23/23 MP: 1/1
    31 | D:5      | Reached XP level 2. HP: 26/29 MP: 2/2
    41 | D:4      | Reached XP level 3. HP: 33/35 MP: 2/4
   127 | D:3      | Noticed Robin
   139 | D:4      | Reached skill level 1 in Invocations
   154 | D:4      | HP: 1/35 [orc priest/divine providence (12)]
   155 | D:4      | Killed from afar by an orc priest

Illustrated notes

Levels and vault maps discovered:
D:3:      layout_basic, general_overflow_altar, mainiacjoe_overflow_alcove_4,
          gammafunk_ghost_smash, nicolae_concentric_dashed_squares_mild,
          uniq_grinder, uniq_natasha, uniq_ijyb, uniq_robin
D:4:      layout_loops_ring, temple_pool_b, uniq_duvessa
D:5:      layout_cave_pools, uniq_crazy_yiuf_cottage

Skill      XL: |  1  2  3 |
---------------+----------+-----
Stealth        | |  9.6
Invocations    | 1 |  1.0
Fighting       | |  6.5
Short Blades   | |  4.5
Long Blades    | |  0.8
Axes           | |  0.8
Maces & Flails | |  0.8
Polearms       | |  0.8
Staves         | |  0.8
Slings         | |  0.8
Bows           | |  0.8
Crossbows      | |  0.8
Throwing       | |  0.8
Armour         | |  0.8
Dodging        | |  4.5
Shields        | |  0.8
Unarmed Combat | |  0.8
Spellcasting   | |  0.8
Conjurations   | |  0.5
Hexes          | |  0.5
Summonings     | |  0.5
Necromancy     | |  0.5
Translocations | |  0.5
Transmutations | |  0.5
Fire Magic     | |  0.5
Ice Magic      | |  0.5
Air Magic      | |  0.5
Earth Magic    | |  0.5
Poison Magic   | |  0.5
Evocations     | |  0.8

Action                   || total
-------------------------++-------
Melee: Short sword       ||    31
       Bite              ||     3
 Stab: Sleeping          ||     1
Armor: Leather armour    ||    11
Dodge: Dodged            ||    13
